 Dungeon Crawl Stone Soup version 0.29.1-1-gd02db6906a (webtiles) character file.

Game seed: 16851693378676554853

379 runemasterragnar the Insei (level 6, 0/51 HPs)
             Began as a Draconian Transmuter on Sept 18, 2022.
             Was a Believer of Fedhas.
             Slain by a gnoll sergeant
             ... wielding a +0 spear
              (9 damage)
             ... on level 5 of the Dungeon.
             The game lasted 00:04:32 (4711 turns).

runemasterragnar the Insei (Draconian Transmuter)   Turns: 4711, Time: 00:04:32

Health: 0/51       AC:  2    Str: 12    XL:     6   Next: 45%
Magic:  6/10       EV: 20    Int: 15    God:    Fedhas [**....]
Gold:   188        SH:  0    Dex: 17    Spells: 5/11 levels left

rFire   . . .      SeeInvis .     - Unarmed
rCold   . . .      Faith    .   (shield currently unavailable)
rNeg    . . .      Spirit   .   (body armour unavailable)
rPois   x          Reflect  .   (helmet currently unavailable)
rElec   .          Harm     .   (cloak currently unavailable)
rCorr   .          Rampage  .   (gloves currently unavailable)
Will    .....                   (boots currently unavailable)
Stlth   ++........              (no amulet)
HPRegen 0.17/turn               (no ring)
MPRegen 0.12/turn               (no ring)

@: spider-form (expiring)
A: venomous fangs, AC +6, tiny, unfitting armour, (cold-blooded)
a: End Transformation, Renounce Religion, Wall of Briars


You were on level 5 of the Dungeon.
You worshipped Fedhas.
Fedhas was pleased with you.
You were a venomous arachnid creature.
You visited 1 branch of the dungeon, and saw 5 of its levels.

You collected 188 gold pieces.

Inventory:

Armour
 r - a +2 hat (melded)
Jewellery
 e - a ring of protection from cold
 h - a +4 ring of protection
 n - an amulet of the acrobat
Scrolls
 b - a scroll of noise {unknown}
 c - 2 scrolls of teleportation {unknown}
 f - a scroll of poison {unknown}
 g - 3 scrolls of identify {unknown}
 k - a scroll of enchant armour {unknown}
 l - a scroll of immolation {unknown}
 m - 2 scrolls of butterflies {unknown}
 o - 2 scrolls of magic mapping {unknown}
 q - a scroll of silence {unknown}
 v - a scroll of vulnerability {unknown}
Potions
 a - a potion of lignification
 d - 2 potions of curing
 i - a potion of attraction {unknown}
 j - a potion of flight
 s - a potion of berserk rage {unknown}
 t - a potion of resistance {unknown}
 u - a potion of degeneration {unknown}


   Skills:
 + Level 3.2 Fighting
 + Level 3.1 Dodging
 + Level 4.2 Unarmed Combat
 + Level 3.3 Spellcasting
 + Level 3.6 Transmutations


You had 5 spell levels left.
You knew the following spells:

 Your Spells              Type           Power      Damage    Failure   Level
a - Beastly Appendage     Tmut           26%        N/A       13%         1
b - Wereblood             Tmut           13%        N/A       19%         2
c - Spider Form           Tmut/Pois      7%         N/A       50%         3

Your spell library contained the following spells:

 Spells                   Type           Power      Damage    Failure   Level
 Passwall                 Tmut/Erth      5%         N/A       32%         2
 Ensorcelled Hibernation  Hex/Ice        4%         N/A       52%         2
 Gell's Gravitas          Tloc           2%         N/A       73%         3
 Swiftness                Air            2%         N/A       73%         3
 Teleport Other           Tloc           2%         N/A       73%         3
 Ice Form                 Ice/Tmut       7%         N/A       85%         4
 Dispersal                Tloc           1%         N/A       100%        6


Dungeon Overview and Level Annotations

Branches:
Dungeon (5/15)
 Temple: D:4-7

Altars:
Ashenzari
Dithmenos
Fedhas
Kikubaaqudgha
Xom
Yredelemnul


Innate Abilities, Weirdness & Mutations

You are a venomous arachnid creature.
You have poisonous fangs.
You are tiny and dextrous.
Your spellcasting is less reliable in this form.
Your armour is entirely melded.
You are incapable of wielding weapons or throwing items.
((Your plain brown scales are hard. (AC +6)))
You cannot fit into any form of body armour.
((You are cold-blooded and may be slowed by cold attacks.))


Message History

Casting: Spider Form (dangerous; 28% risk of failure)
Confirm with . or Enter, or press ? or * to list all spells.
You turn into a venomous arachnid creature.
Your +2 hat melds into your body.
The gnoll sergeant hits you with a +0 spear.
You hit the gnoll sergeant but do no damage.
The gnoll sergeant is poisoned.
The gnoll sergeant is lightly wounded.
The gnoll sergeant barely misses you.
You barely miss the gnoll sergeant.
The gnoll sergeant is lightly wounded.
The gnoll sergeant barely misses you.
You hit the gnoll sergeant but do no damage.
The gnoll sergeant looks as sick as possible!
The gnoll sergeant is moderately wounded.
The gnoll sergeant misses you.
You hit the gnoll sergeant.
The gnoll sergeant is moderately wounded.
The gnoll sergeant barely misses you.
You hit the gnoll sergeant but do no damage.
The gnoll sergeant looks as sick as possible!
The gnoll sergeant is heavily wounded.
The gnoll sergeant hits you with a +0 spear!
* * * LOW HITPOINT WARNING * * *
You hit the gnoll sergeant but do no damage.
The gnoll sergeant looks as sick as possible!
The gnoll sergeant is severely wounded.
Your transformation is almost over.
The gnoll sergeant misses you.
You hit the gnoll sergeant but do no damage.
The gnoll sergeant looks as sick as possible!
The gnoll sergeant is severely wounded.
The gnoll sergeant hits you with a +0 spear.
* * * LOW HITPOINT WARNING * * *
You hit the gnoll sergeant.
The gnoll sergeant looks as sick as possible!
The gnoll sergeant is almost dead.
The gnoll sergeant hits you with a +0 spear!
You die...
Fedhas appreciates your contribution to the ecosystem.

#.........##..... ..
###............####.
#.)..............
#......###......####
#......# #...##.....
#......# #..........
###'#### #.......... #g#
#.......... #s#
#...###....
##'######...###....
#............##....
#............#<....
#............#+####
#######..................
#........................
##.########....###.......
#.# #....# ###'####


You could see a gnoll sergeant (extremely poisoned).

Vanquished Creatures
  An ogre (D:4)
  An orc priest (D:4)
  An orc wizard (D:4)
  2 hound zombies (D:3)
  4 gnolls (D:5)
  9 adders
  A worm (D:3)
  2 dart slugs
  8 orcs (D:4)
  4 ball pythons
  2 bats
  8 endoplasms
  3 giant cockroaches
  3 goblins
  6 hobgoblins
  8 jackals
  3 kobolds
  7 quokkas
  3 frilled lizards
  A jackal zombie (D:3)
  A quokka zombie (D:3)
  5 rats
83 creatures vanquished.

Vanquished Creatures (others)
  A human (D:3)
1 creature vanquished.

Grand Total: 84 creatures vanquished

Notes
Turn   | Place    | Note
-------+----------+-------------------------------------------
     0 | D:1      | runemasterragnar the Draconian Transmuter began the quest
                  | for the Orb.
     0 | D:1      | Reached XP level 1. HP: 16/16 MP: 3/3
   313 | D:1      | Reached XP level 2. HP: 15/23 MP: 3/5
  1185 | D:1      | Reached XP level 3. HP: 28/29 MP: 4/6
  1725 | D:2      | Found a shadowy altar of Dithmenos.
  1876 | D:2      | Found a faded altar of an unknown god.
  1952 | D:2      | Prayed at the altar of an unknown god.
  1952 | D:2      | Became a worshipper of Fedhas Madash
  1952 | D:2      | Reached * piety under Fedhas
  2489 | D:3      | Reached XP level 4. HP: 29/36 MP: 5/7
  2575 | D:3      | Found a shadowy altar of Dithmenos.
  2703 | D:3      | Found an ancient bone altar of Kikubaaqudgha.
  2704 | D:3      | Noticed a human
  2707 | D:3      | Killed a human
  3086 | D:3      | Found a basalt altar of Yredelemnul.
  3621 | D:4      | Noticed an ogre
  3627 | D:3      | Learned a level 2 spell: Wereblood
  3631 | D:3      | Learned a level 3 spell: Spider Form
  3637 | D:4      | Killed an ogre
  3638 | D:4      | Reached XP level 5. HP: 26/42 MP: 5/9
  3641 | D:4      | Reached ** piety under Fedhas
  3994 | D:4      | Found a shimmering altar of Xom.
  4011 | D:4      | Reached skill level 4 in Unarmed Combat
  4279 | D:4      | Reached XP level 6. HP: 13/51 MP: 7/10
  4598 | D:5      | Entered Level 5 of the Dungeon
  4663 | D:5      | Found a broken altar of Ashenzari.
  4711 | D:5      | Slain by a gnoll sergeant

Illustrated notes

Levels and vault maps discovered:
D:1:      dpeg_arrival_oval, layout_basic
D:2:      layout_basic, dreamdust_ecumenical_altar_hidden_monk_grotto,
          basic_altar, minmay_tromino_v4_a
D:3:      layout_basic, tgw_kikubaaqudgha, nicolae_dithmenos_shadow_blocks,
          nicolae_yredelemnul_corpse_copse
D:4:      layout_rooms, mainiacjoe_overflow_tiny_flanked, feat_on_display
D:5:      layout_basic, ashenzari_altar_1, nemelex_diamond_rough_becter,
          minmay_temple_entry_hall, serial_shops, nicolae_shop_stone, hex_large,
          nicolae_shop_firing_range, uniq_edmund

Skill      XL: |  1  2  3  4  5  6 |
---------------+-------------------+-----
Dodging        | 2 3 |  3.1
Fighting       | 2 3 |  3.2
Spellcasting   | 3 |  3.3
Transmutations | 3 |  3.6
Unarmed Combat | 4 |  4.2

Action                   |  1- 3 |  4- 6 || total
-------------------------+-------+-------++-------
Melee: Unarmed           |   125 |   134 ||   259
       Kick              |    23 |    17 ||    40
       Tailslap          |     8 |     9 ||    17
       Headbutt          |     9 |    11 ||    20
 Cast: Beastly Appendage |    29 |    13 ||    42
       Spider Form       |       |    10 ||    10
  Use: Potion            |       |     5 ||     5
 Stab: Sleeping          |       |     1 ||     1
Armor: Skin              |    30 |    21 ||    51
Dodge: Dodged            |    81 |   104 ||   185
